 Dungeon Crawl Stone Soup version 0.30.0-30-g96aa6591b8 (webtiles) character file.

Game seed: 12675588734365013274

431758 000zero000 the Axe Maniac (level 23, -5/194 HPs)
             Began as a Hill Orc Fighter on June 27, 2023.
             Was an Initiate of Gozag.
             Blown up by Boris (66 damage)
             ... with an orb of destruction
             ... on level 1 of the Tomb of the Ancients.
             The game lasted 02:28:55 (64576 turns).

000zero000 the Axe Maniac (Hill Orc Fighter)       Turns: 64576, Time: 02:28:55

Health: -5/194     AC: 40    Str: 30    XL:     23   Next: 93%
Magic:  20/23      EV: 13    Int:  8    God:    Gozag
Gold:   14109      SH: 11    Dex: 12    Spells: 22/22 levels left

rFire   . . .        M - +9 broad axe (flame)
rCold   . . .        V - +3 buckler of the Modern Visionaries {Harm rElec Will+ Str+2}
rNeg    + . .        Q - +9 plate armour of Duarat {rElec rCorr}
rPois   +            l - +2 helmet of Cowardice {Regen+}
rElec   +            m - +2 cloak {rCorr}
rCorr   +            T - +2 pair of gloves {infuse}
SInv    .            u - +2 pair of boots {Stlth+}
Will    +++..        g - amulet of regeneration Stlth
                     a - ring of poison resistance
HPRegen 2.12/turn    b - ring of Xom, Devouring {Fly rN+ Will+}
MPRegen 0.18/turn

%: harm (+30% outgoing, +20% incoming), infuse magic (1 MP)
@: flying, studying Dodging
A: deformed body, frail 1, subdued magic 1
}: 2/15 runes: decaying, serpentine
a: Renounce Religion, Potion Petition, Call Merchant, Bribe Branch


You were on level 1 of the Tomb of the Ancients.
You worshipped Gozag.
Gozag was extremely pleased with you.
You visited 11 branches of the dungeon, and saw 42 of its levels.
You visited the Abyss 2 times.

You collected 20522 gold pieces.
You spent 1672 gold pieces at shops.
You paid 4741 gold pieces to Gozag.

Inventory:

Hand Weapons
 w - the +4 war axe "Lifebane" {flame, rCorr Str+2 SInv}
   (You took it off an orc on level 4 of the Dungeon)

   Str:       It affects your strength (+2).
   SInv:      It lets you see invisible.
   rCorr:     It protects you from acid and corrosion.
 M - a +9 broad axe of flaming (weapon)
Missiles
 c - 24 poisoned darts (quivered)
 v - 13 curare-tipped darts
 y - 3 datura-tipped darts
 C - a throwing net
Armour
 l - the +2 helmet of Cowardice (worn) {Regen+}
   (You acquired it on level 12 of the Dungeon)

   Regen:     It increases your rate of health regeneration.
 m - a +2 cloak of preservation (worn)
 u - a +2 pair of boots of stealth (worn)
 Q - the +9 plate armour of Duarat (worn) {rElec rCorr}
   (You bought it in a shop on level 2 of the Orcish Mines)

   rElec:     It insulates you from electricity.
   rCorr:     It protects you from acid and corrosion.
 T - a +2 pair of gloves of infusion (worn)
 V - the +3 buckler of the Modern Visionaries (worn) {Harm rElec Will+ Str+2}
   (You took it off a minotaur on level 1 of the Lair of Beasts)

   Str:       It affects your strength (+2).
   rElec:     It insulates you from electricity.
   Harm:      It increases damage dealt and taken.
   Will:      It increases your willpower.
Jewellery
 a - a ring of poison resistance (left hand)
 b - the ring of Xom, Devouring (right hand) {Fly rN+ Will+}
   (You found it on level 6 of the Dungeon)

   [ring of willpower]

   rN:        It protects you from negative energy.
   Fly:       It grants you flight.
   Will:      It increases your willpower.
 g - an amulet of regeneration (around neck)
 h - the ring of Paranoia {rC+ Int+3 Dex+6}
   (You took it off a deep elf death mage on level 3 of the Elven Halls)

   [ring of dexterity]

   Int:       It affects your intelligence (+3).
   Dex:       It affects your dexterity (+6).
   rC:        It protects you from cold.
 o - a ring of protection from fire
 G - the ring "Poaseg" {*Corrode rF+++ rC+ EV+5 Dex-4}
   (You took it off a deep elf zephyrmancer on level 3 of the Elven Halls)

   [ring of evasion]

   EV:        It affects your evasion (+5).
   Dex:       It affects your dexterity (-4).
   rF:        It renders you almost immune to fire.
   rC:        It protects you from cold.
   *Corrode:  It may corrode you when you take damage.
 J - the amulet "Qaskes" {Reflect Rampage rF+ SH+5 SInv Stlth-}
   (You found it on level 1 of the Depths)

   [amulet of reflection]

   It reflects blocked missile attacks.
   rF:        It protects you from fire.
   SInv:      It lets you see invisible.
   SH:        It affects your SH (+5).
   Rampage:   It bestows one free step when moving towards enemies.
   Stlth:     It makes you less stealthy.
 L - the ring of Neatez {rF- rN+ rCorr EV+5}
   (You found it on level 11 of the Dungeon)

   [ring of evasion]

   EV:        It affects your evasion (+5).
   rF:        It makes you vulnerable to fire.
   rN:        It protects you from negative energy.
   rCorr:     It protects you from acid and corrosion.
 W - the ring of Shadows {Umbra +Inv Stlth+}
   (You found it on level 1 of the Lair of Beasts)

   [ring of stealth]

   Umbra:     It surrounds you with an aura of shadow, increasing your stealth
   and reducing the accuracy of all others within it.
   +Inv:      It lets you turn invisible.
   Stlth:     It makes you more stealthy.
 X - a ring of willpower
Wands
 s - a wand of flame (92)
 t - a wand of iceblast (13)
 H - a wand of charming (37)
 P - a wand of quicksilver (24)
 S - a wand of polymorph (7)
 Y - a wand of mindburst (29)
 Z - a wand of digging (3)
Scrolls
 f - 4 scrolls of brand weapon
 j - 4 scrolls of teleportation
 k - 3 scrolls of magic mapping
 n - 13 scrolls of immolation
 p - 3 scrolls of amnesia
 r - 11 scrolls of poison
 D - 7 scrolls of fog
 I - 4 scrolls of silence
 K - 12 scrolls of enchant armour
 O - 5 scrolls of fear
 R - 2 scrolls of summoning
Potions
 d - 8 potions of invisibility
 e - 4 potions of berserk rage
 i - 23 potions of curing
 q - a potion of resistance
 x - 9 potions of cancellation
 A - 9 potions of mutation
 F - a potion of flight
 N - 11 potions of brilliance
 U - 7 potions of haste
Miscellaneous
 z - a phial of floods
 B - a lightning rod (4/4)


   Skills:
 + Level 20.2 Fighting
 O Level 27 Axes
 + Level 13.7 Throwing
 * Level 22.6 Armour
 + Level 12.7 Dodging
 + Level 5.4 Stealth
 + Level 16.4 Shields


You had 22 spell levels left.
You didn't know any spells.
Your spell library contained the following spells:

 Spells                   Type           Power      Damage    Failure   Level
 Apportation              Tloc           0%         N/A       83%         1
 Magic Dart               Conj           0%         1d3       83%         1
 Necrotise                Necr           0%         1d4       83%         1
 Sandblast                Erth           0%         2d4       83%         1
 Summon Small Mammal      Summ           0%         N/A       83%         1
 Blink                    Tloc           0%         N/A       92%         2
 Call Imp                 Summ           0%         N/A       92%         2
 Cigotuvi's Dreadful Rot  Necr/Pois/Air  0%         N/A       92%         2
 Passwall                 Tmut/Erth      0%         N/A       92%         2
 Scorch                   Fire           0%         2d5       92%         2
 Searing Ray              Conj           0%         2d4       92%         2
 Dazzling Flash           Conj/Hex       0%         N/A       99%         3
 Frozen Ramparts          Ice            0%         1d1       99%         3
 Hailstorm                Conj/Ice       0%         3d3       99%         3
 Ignite Poison            Fire/Tmut/Pois 0%         N/A       99%         3
 Mephitic Cloud           Conj/Pois/Air  0%         N/A       99%         3
 Portal Projectile        Hex/Tloc       0%         N/A       99%         3
 Stone Arrow              Conj/Erth      0%         3d7       99%         3
 Tukima's Dance           Hex            0%         N/A       99%         3
 Vampiric Draining        Necr           0%         2d6       99%         3
 Vhi's Electric Charge    Tloc/Air       0%         N/A       99%         3
 Volatile Blastmotes      Fire/Tloc      0%         2d10      99%         3
 Anguish                  Hex/Necr       0%         N/A       100%        4
 Animate Armour           Summ/Erth      0%         N/A       100%        4
 Cause Fear               Hex            0%         N/A       100%        4
 Dispel Undead            Necr           0%         3d6       100%        4
 Flame Wave               Conj/Fire      0%         2d4       100%        4
 Ice Form                 Ice/Tmut       0%         N/A       100%        4
 Iskenderun's Mystic Bla  Conj/Tloc      0%         2d3       100%        4
 Petrify                  Tmut/Erth      0%         N/A       100%        4
 Summon Ice Beast         Ice/Summ       0%         N/A       100%        4
 Agony                    Necr           0%         N/A       100%        5
 Arcjolt                  Conj/Air       0%         1d10      100%        5
 Blade Hands              Tmut           0%         N/A       100%        5
 Irradiate                Conj/Tmut      0%         3d11      100%        5
 Metabolic Englaciation   Hex/Ice        0%         N/A       100%        5
 Summon Mana Viper        Hex/Summ       0%         N/A       100%        5
 Death Channel            Necr           0%         N/A       100%        6
 Dispersal                Tloc           0%         N/A       100%        6
 Iron Shot                Conj/Erth      0%         9d1       100%        6
 Starburst                Conj/Fire      0%         6d3       100%        6
 Statue Form              Tmut/Erth      0%         N/A       100%        6
 Summon Cactus Giant      Summ           0%         N/A       100%        6
 Dragon Form              Tmut           0%         N/A       100%        7
 Monstrous Menagerie      Summ           0%         N/A       100%        7
 Disjunction              Tloc           0%         N/A       100%        8
 Maxwell's Capacitive Co  Air            0%         ∞         100%        8
 Dragon's Call            Summ           0%         N/A       100%        9
 Fire Storm               Conj/Fire      0%         5d1       100%        9
 Simulacrum               Ice/Necr       Unusable   N/A       N/A         6

Dungeon Overview and Level Annotations

Branches:
Dungeon (15/15)            Temple (1/1) D:4            Lair (5/5) D:11
  Swamp (4/4) Lair:3        Snake (4/4) Lair:3        Slime (0/5) Lair:4
    Orc (2/2) D:11            Elf (3/3) Orc:2        Vaults (2/5) D:13
  Crypt (3/3) Vaults:2       Tomb (1/3) Crypt:3      Depths (2/4) D:15

Altars:
Ashenzari
Cheibriados
Dithmenos
Elyvilon
Fedhas
Gozag
Hepliaklqana
Kikubaaqudgha
Makhleb
Nemelex Xobeh
Okawaru
Qazlal
Ru
Sif Muna
Trog
Uskayaw
Vehumet
Wu Jian
Xom
Yredelemnul
Zin
The Shining One
Beogh

Shops:
D:4 [   D:8 *   D:11 ?   Orc:2 *[*[(=   Snake:1 [   Vaults:2 (([[   Depths:1 :

Portals:
Hell: Depths:1

Annotations:
Crypt:3 3 runed translucent doors, Teduw's ghost, veteran MiGl
Tomb:1 Boris


Innate Abilities, Weirdness & Mutations

Armour fits poorly on your strangely shaped body.
You are frail. (-10% HP)
Your spells are a little easier to cast, but a little less powerful.


Message History

An orb of destruction comes into view.
The spriggan defender zombie barely misses you.
Deactivating autopickup; reactivate with Ctrl-A.
The orb of destruction hits you!!!
You miss the spriggan defender zombie.
The spriggan defender zombie completely misses you.
The mummy priest calls on the powers of darkness!
Your body is wracked with pain!
You slash the spriggan defender zombie! You burn the spriggan defender zombie.
The spriggan defender zombie is lightly damaged.
You barely miss something. You slice the wraith!! You burn the wraith!
You destroy the wraith!
The wraith disappears in a puff of smoke!
You miss something. You miss the spriggan defender zombie.
The spriggan defender zombie barely misses you.
Something hits you but does no damage.
Something touches you but does no damage.
You miss something.
You slice the spriggan defender zombie!!
You burn the spriggan defender zombie.
The mummy priest calls on the powers of darkness!
Your body is wracked with pain!
* * * LOW HITPOINT WARNING * * *
You block the spriggan defender zombie's attack.
You carve something like a ham!!! You burn something!
You slice the spriggan defender zombie!!
You burn the spriggan defender zombie!
You block the spriggan defender zombie's attack.
Something hits you.
* * * LOW HITPOINT WARNING * * *
Something touches you but does no damage.
The mummy priest prays to its god.
Something barely misses you.
Something touches you but does no damage.
The spriggan defender zombie attacks as you move away!
You block the spriggan defender zombie's attack.
Something conjures a glowing orb.
An orb of destruction comes into view.
The orb of destruction hits you!!!
You die...

#.............V............
#........zZ################
#.........{# #.........○#
#.........○# #........V○#
#.........○# #.........○#
#.........@# #..........#
#..........# #..........#
#..........# #..........#
#..........# #..........#
#..........#


You could see a jiangshi (summoned), a flying skull (summoned) and a spriggan
defender zombie (summoned).

Vanquished Creatures
  2 dread liches (Crypt:3)
  2 ancient liches (Crypt:3)
  A juggernaut (Depths:2)
  Mara (Snake:4)
  Bai Suzhen (Depths:2)
  Nikola (Vaults:1)
  2 bone dragons
  Jorgrun (Swamp:1)
  A tentacled monstrosity (Vaults:2)
  Zenata (Crypt:1)
  Rupert (Snake:1)
  The ghost of Silenth the Arsonist, an adept DrFE of Vehumet (Vaults:2)
  Mlioglotl (Snake:3)
  2 deep elf blademasters (Elf:3)
  2 tentacled starspawn
  12 sphinxes
  2 deep elf master archers (Elf:3)
  7 ancient champions
  2 thorn hunters
  Kirke (Lair:4)
  An Executioner (Abyss:5)
  2 tengu reavers (Depths:2)
  Roxanne (Swamp:1)
  A revenant (Crypt:1)
  8 nagarajas (Snake:4)
  Donald (Vaults:1)
  3 fire giants
  6 frost giants
  5 curse skulls
  6 deep elf sorcerers
  A balrug (Depths:1)
  Louise (Swamp:1)
  A caustic shrike zombie (Crypt:2)
  8 vault wardens
  3 stone giants
  2 orc warlords
  A spriggan defender (Depths:2)
  5 ghouls
  4 ironbound thunderhulks
  7 ironbound preservers
  13 very ugly things
  4 deep elf elementalists (Elf:3)
  A caustic shrike skeleton (Crypt:1)
  A war gargoyle (Vaults:1)
  4 vampire knights
  2 eleionomae
  3 deep elf demonologists
  6 deep elf annihilators (Elf:3)
  4 dire elephants (Vaults:1)
  The ghost of Lene the Eclecticist, a journeyman DECj of Kikubaaqudgha (D:13)
  Azrael (Snake:3)
  9 bunyips
  A minotaur (Lair:1)
  8 deep elf death magi
  The ghost of Ceckukk the Geomancer, a journeyman GrEE of Sif Muna (Lair:1)
  9 eidola
  2 mummy priests (Tomb:1)
  5 fire dragons
  The ghost of Lytaqeus the Covert, a journeyman GnWn of Sif Muna (D:12)
  A shambling mangrove (Swamp:4)
  Josephine (Snake:1)
  2 deep elf high priests (Elf:3)
  2 spriggan zombies
  2 entropy weavers
  10 jiangshi
  2 ettins
  2 ice dragons
  8 yaktaur captains
  A hell beast (Depths:1)
  3 great orbs of eyes
  3 spriggan skeletons
  21 anacondas
  A rakshasa (Depths:1)
  A salamander tyrant (Snake:4)
  24 hydras
  An ogre mage (D:14)
  8 boulder beetles
  A ghost crab (Swamp:4)
  A hydra (shapeshifter) (D:13)
  7 vault guards
  11 centaur warriors
  5 ironbound frosthearts
  2 peacekeepers
  5 two-headed ogres
  9 alligators
  3 tengu warriors
  3 alligator snapping turtles (Snake:3)
  33 dancing weapons
  9 death yaks
  5 deep troll shamans (Depths:1)
  5 death knights
  21 naga warriors
  A spriggan berserker (Depths:2)
  14 naga sharpshooters
  5 death scarabs (Tomb:1)
  3 vampire magi
  A hell knight (Depths:2)
  2 titan zombies
  6 orc high priests
  6 thrashing horrors
  5 shock serpents
  18 deep elf knights
  2 soul eaters
  13 skeletal warriors
  4 salamander mystics
  A wretched star (Abyss:4)
  4 sea snakes (Snake:3)
  24 deep trolls
  A spark wasp zombie (Depths:2)
  A shadow wraith (Crypt:1)
  A death drake (Swamp:3)
  4 iron trolls (Depths:1)
  10 goliath frogs
  A spatial maelstrom (Abyss:5)
  5 naga ritualists
  10 swamp dragons
  A golden dragon zombie (Crypt:2)
  5 spriggan druids
  An obsidian statue (D:10)
  6 bog bodies
  A bunyip skeleton (Crypt:1)
  A golden dragon skeleton (Depths:2)
  6 flayed ghosts
  3 starcursed masses (Abyss:5)
  8 ironbound convokers
  5 lindwurms
  15 deep elf archers
  An anaconda skeleton (Crypt:1)
  3 orc knights
  6 wizards
  A jorogumo zombie (Crypt:2)
  8 phantasmal warriors
  24 deep elf zephyrmancers
  An oklob plant (Lair:4)
  29 deep elf pyromancers
  An iron dragon zombie (Crypt:1)
  5 necromancers
  4 manticores
  13 salamanders
  4 orc sorcerers
  5 cyclopes
  29 ugly things
  11 mana vipers
  3 will-o-the-wisps
  13 naga magi
  2 moths of wrath (shapeshifter)
  14 guardian serpents
  31 black mambas
  A stone giant skeleton (Crypt:1)
  10 vault sentinels
  A dire elephant zombie (Crypt:1)
  15 cane toads
  A smoke demon (Abyss:4)
  3 gargoyles
  3 centaur skeletons (Crypt:1)
  A red draconian zombie (Crypt:1)
  Maggie (D:8)
  3 efreet
  7 yaktaurs
  Psyche (D:8)
  A yaktaur (shapeshifter) (D:12)
  2 unseen horrors
  A dire elephant skeleton (Crypt:1)
  7 komodo dragons
  3 rime drakes
  An unseen horror zombie (D:7)
  8 freezing wraiths
  3 ancient zymes
  A pale draconian skeleton (Crypt:3)
  3 tengu conjurers
  2 harpy zombies
  8 guardian mummies
  A meliai (D:14)
  19 trolls
  4 large abominations
  A troll (shapeshifter) (Elf:3)
  16 hornets
  5 polar bears
  10 tyrant leeches
  4 raiju (Abyss:5)
  A tarantella (Vaults:2)
  34 blink frogs
  A blink frog (shapeshifter) (D:13)
  4 snapping turtles (Snake:3)
  A slime creature (shapeshifter) (D:13)
  54 slime creatures
  8 flying skulls
  An ettin zombie (Crypt:3)
  2 shadows
  10 dream sheep
  A centaur simulacrum (Crypt:1)
  An air elemental (Elf:2)
  2 black mamba zombies (Crypt:1)
  A vampire (D:12)
  13 wraiths
  2 water elementals
  An ettin skeleton (Depths:2)
  2 ice dragon skeletons
  9 spriggans
  2 hogs (Lair:4)
  2 ynoxinuls (Abyss:5)
  An ushabti (Tomb:1)
  5 wyverns
  5 fire elementals
  A wind drake zombie (Crypt:3)
  7 basilisks
  A redback (Vaults:2)
  29 yaks
  3 neqoxecs
  A steam dragon (D:8)
  A golden eye (shapeshifter) (Depths:2)
  23 vampire mosquitoes
  3 wargs
  A harpy simulacrum (Abyss:5)
  20 swamp worms
  40 nagas
  An acid dragon (shapeshifter) (D:13)
  3 acid dragons
  A water nymph skeleton (Crypt:1)
  A skyshark zombie (Crypt:1)
  Duvessa (D:5)
  19 water moccasins
  A merfolk skeleton (Crypt:1)
  5 hell hounds (Snake:3)
  A floating eye (shapeshifter) (Elf:3)
  11 swamp drakes
  28 orc warriors
  An ice beast (D:6)
  A sky beast (D:6)
  12 wolves
  6 ogres
  A black bear (D:8)
  5 boggarts (Vaults:2)
  31 centaurs
  A dream sheep skeleton (Crypt:3)
  2 phantoms (D:5)
  15 bullfrogs
  4 kobold brigands
  4 gnoll sergeants
  2 necrophages (Crypt:2)
  6 scorpions
  3 wyvern zombies
  An earth elemental (Elf:1)
  A scorpion (shapeshifter) (D:13)
  A wight (Vaults:2)
  A water moccasin zombie (Crypt:3)
  Dowan (D:5)
  A troll zombie (Crypt:1)
  12 killer bees
  A shapeshifter zombie (Crypt:2)
  A wolf zombie (Crypt:3)
  7 electric eels
  9 howler monkeys
  A bullfrog zombie (D:7)
  4 centaur zombies (D:7)
  2 jellies
  8 hounds
  4 gnoll boudas
  38 orc priests
  A black bear zombie (Crypt:1)
  4 sleepcaps
  2 iguanas
  38 orc wizards
  A hell rat (D:11)
  A killer bee zombie (D:7)
  An ogre skeleton (Crypt:3)
  9 mummies
  A howler monkey zombie (D:7)
  5 adders
  27 gnolls
  A river rat (D:11)
  3 white imps
  A jelly zombie (Crypt:2)
  A worm (D:2)
  2 dart slugs
  80 orcs
  2 ball pythons
  10 bats
  5 endoplasms
  A giant cockroach (D:2)
  7 goblins
  10 hobgoblins
  11 jackals
  3 quokkas
  A ball python zombie (Crypt:1)
  An endoplasm zombie (Crypt:2)
  4 frilled lizards
  A hobgoblin skeleton (Crypt:2)
  21 kobolds
  A quokka skeleton (Crypt:3)
  10 rats
1767 creatures vanquished.

Vanquished Creatures (others)
  A deep elf high priest (Elf:3)
  A wizard (Vaults:1)
  A deep elf zephyrmancer (Elf:2)
  A black mamba (Snake:4)
  A bloated husk (Swamp:2)
  A slime creature (D:14)
  2 humans (Lair:4)
  A naga (Snake:4)
  6 foxfires
  4 starspawn tentacles
19 creatures vanquished.

Grand Total: 1786 creatures vanquished

Notes
Turn   | Place    | Note
-------+----------+-------------------------------------------
     0 | D:1      | 000zero000 the Hill Orc Fighter began the quest for the
                  | Orb.
     0 | D:1      | Reached XP level 1. HP: 19/19 MP: 1/1
    32 | D:1      | Reached skill level 3 in Axes
    82 | D:1      | Reached XP level 2. HP: 26/26 MP: 2/2
   143 | D:1      | Reached skill level 4 in Axes
   214 | D:1      | Found a faded altar of an unknown god.
   382 | D:1      | Reached XP level 3. HP: 31/31 MP: 3/3
   855 | D:2      | Reached skill level 5 in Axes
   993 | D:2      | Reached XP level 4. HP: 39/39 MP: 4/4
  1347 | D:3      | Reached skill level 6 in Axes
  2040 | D:3      | Reached XP level 5. HP: 38/45 MP: 5/5
  2184 | D:3      | Found a stormy altar of Qazlal.
  2184 | D:3      | Found a faded altar of an unknown god.
  2195 | D:3      | Found a faded altar of an unknown god.
  2197 | D:3      | Found a blossoming altar of Fedhas.
  2199 | D:3      | Found a sacrificial altar of Ru.
  2322 | D:3      | Found a sparkling altar of Nemelex Xobeh.
  2556 | D:4      | Noticed a black bear
  2769 | D:4      | Reached skill level 7 in Axes
  3110 | D:4      | Found a staircase to the Ecumenical Temple.
  3122 | D:4      | Noticed an ogre
  3127 | Temple   | Entered the Ecumenical Temple
  3281 | D:4      | HP: 1/45 [ogre/+0 giant club (24)]
  3283 | D:4      | Killed an ogre
  3284 | D:4      | Reached skill level 8 in Axes
  3284 | D:4      | Reached XP level 6. HP: 4/51 MP: 6/6
  3464 | D:4      | Found Wivir's Antique Armour Boutique.
  3524 | D:5      | Entered Level 5 of the Dungeon
  3531 | D:5      | Reached skill level 9 in Axes
  3669 | D:5      | Reached XP level 7. HP: 49/57 MP: 7/7
  3784 | D:4      | Reached skill level 10 in Axes
  4284 | D:5      | Identified the +4 war axe "Lifebane" {flame, rCorr Str+2
                  | SInv}
  4331 | D:4      | Reached skill level 11 in Axes
  4621 | D:5      | Reached skill level 5 in Fighting
  4621 | D:5      | Reached XP level 8. HP: 29/68 MP: 8/8
  4892 | D:5      | Noticed Duvessa
  4898 | D:5      | Killed Duvessa
  4902 | D:5      | Noticed Dowan
  4916 | D:5      | Killed Dowan
  5818 | D:6      | Reached XP level 9. HP: 44/85 MP: 9/9
  5890 | D:6      | Reached skill level 10 in Fighting
  5925 | D:6      | Found an opulent altar of Gozag.
  5929 | D:6      | Became a worshipper of Gozag Ym Sagoz the Greedy
  5972 | D:6      | Identified the ring of Xom, Devouring {Fly rN+ Will+}
  6668 | D:6      | Found a burning altar of Makhleb.
  6668 | D:6      | Found a glowing silver altar of Zin.
  6669 | D:6      | Noticed an angel
  6669 | D:6      | Noticed a balrug
  7320 | D:7      | Reached skill level 12 in Axes
  7473 | D:7      | Reached skill level 13 in Axes
  8167 | D:7      | Reached skill level 14 in Axes
  8167 | D:7      | Reached XP level 10. HP: 83/95 MP: 10/10
  8559 | D:8      | Reached skill level 15 in Axes
  8817 | D:8      | Noticed Maggie
  8819 | D:8      | Found Ypeuxtamnu's Assorted Antiques.
  8828 | D:8      | Killed Maggie
  8843 | D:8      | Bought 2 sapphire potions for 32 gold pieces
  8843 | D:8      | Bought a scroll of identify for 36 gold pieces
  8864 | D:8      | Found a white marble altar of Elyvilon.
  8938 | D:8      | Found a bloodstained altar of Trog.
  8951 | D:8      | Found a hazy altar of Hepliaklqana.
  8953 | D:8      | Noticed Psyche
  8958 | D:8      | Killed Psyche
  9052 | D:8      | Reached skill level 16 in Axes
  9704 | D:9      | Reached skill level 17 in Axes
  9856 | D:9      | Reached XP level 11. HP: 102/102 MP: 11/11
 10067 | D:10     | Entered Level 10 of the Dungeon
 10072 | D:10     | Noticed a two-headed ogre
 10080 | D:10     | Killed a two-headed ogre
 10081 | D:10     | Reached skill level 18 in Axes
 10091 | D:10     | Noticed an obsidian statue
 10355 | D:10     | Reached skill level 1 in Throwing
 10356 | D:10     | Reached skill level 1 in Dodging
 10966 | D:10     | Noticed a soul eater
 10968 | D:10     | Noticed a sixfirhy
 10978 | D:10     | Killed an obsidian statue
 11021 | D:10     | Got the Commentary on Liminal Companions
 11073 | D:11     | Noticed a cyclops
 11224 | D:11     | Killed a cyclops
 11357 | D:11     | Noticed a green ugly thing
 11377 | D:10     | Reached skill level 5 in Armour
 11387 | D:11     | Killed a green ugly thing
 11390 | D:11     | Noticed a cyclops
 11397 | D:11     | Killed a cyclops
 11475 | D:11     | Identified the ring of Neatez {rF- rN+ rCorr EV+5}
 11481 | D:11     | Found Umotus's Magic Scroll Boutique.
 11497 | D:11     | Bought a scroll of identify for 24 gold pieces
 11497 | D:11     | Bought a scroll of enchant weapon for 90 gold pieces
 11550 | D:11     | Noticed a two-headed ogre
 11550 | D:11     | Noticed a centaur warrior
 11550 | D:11     | Noticed a frost giant
 11550 | D:11     | Noticed a flayed ghost
 11580 | D:11     | Killed a flayed ghost
 11586 | D:11     | Killed a centaur warrior
 11593 | D:11     | Killed a two-headed ogre
 11611 | D:11     | Reached XP level 12. HP: 104/110 MP: 12/12
 11626 | D:11     | Reached skill level 5 in Shields
 11667 | D:11     | Reached skill level 19 in Axes
 12219 | D:11     | Noticed a death yak
 12225 | D:11     | Noticed a death yak
 12228 | D:11     | Noticed a death yak
 12232 | D:11     | Killed a death yak
 12247 | D:11     | Killed a death yak
 12251 | D:11     | Killed a death yak
 12265 | D:11     | Found a staircase to the Lair.
 12683 | D:11     | Found a staircase to the Orcish Mines.
 12768 | D:11     | Killed a frost giant
 12994 | D:11     | Noticed a boulder beetle
 12994 | D:11     | Noticed a two-headed ogre
 13035 | D:11     | Killed a two-headed ogre
 13064 | D:11     | Killed a boulder beetle
 13326 | Orc:1    | Entered Level 1 of the Orcish Mines
 13337 | Orc:1    | Noticed an orc warlord
 13361 | D:11     | Reached XP level 13. HP: 92/118 MP: 13/13
 13533 | D:11     | Killed an orc warlord
 14048 | Orc:2    | Entered Level 2 of the Orcish Mines
 14066 | Orc:2    | Reached skill level 20 in Axes
 15955 | Orc:2    | Found Zunaun's General Store.
 15956 | Orc:2    | Found Fidiugg's Antique Armour Emporium.
 15964 | Orc:2    | Found Wunysch Umino's Armour Shoppe.
 15986 | Orc:2    | Found Ymel's Assorted Antiques.
 16126 | Orc:2    | Bought a scroll of fear for 48 gold pieces
 16127 | Orc:2    | Bought a potion of curing for 66 gold pieces
 16127 | Orc:2    | Bought a scroll of teleportation for 66 gold pieces
 16127 | Orc:2    | Bought a scroll of identify for 44 gold pieces
 16127 | Orc:2    | Bought a scroll labelled ORUORU CIAMPEUF for 22 gold pieces
 16154 | Orc:2    | Found a staircase to the Elven Halls.
 16186 | Orc:2    | Reached skill level 5 in Throwing
 17020 | Orc:2    | Found a roughly hewn altar of Beogh.
 17274 | Orc:2    | Bought a +2 cloak of preservation for 279 gold pieces
 17280 | Orc:2    | Bought an obsidian-encrusted plate armour for 616 gold
                  | pieces
 17280 | Orc:2    | Identified the +9 plate armour of Duarat {rElec rCorr} (You
                  | bought it in a shop on level 2 of the Orcish Mines)
 17411 | D:8      | Bought a scroll of enchant weapon for 135 gold pieces
 17485 | D:12     | Found a runed translucent door.
 17485 | D:12     | Noticed Lytaqeus's ghost (journeyman GnWn)
 17514 | Lair:1   | Entered Level 1 of the Lair of Beasts
 17563 | Lair:1   | Identified the +3 long sword of Voelojae {venom, Dex+4}
 17690 | Lair:1   | Noticed Ceckukk's ghost (journeyman GrEE)
 17690 | Lair:1   | Found the ring of Shadows {Umbra +Inv Stlth+}
 17690 | Lair:1   | Noticed a minotaur
 17695 | Lair:1   | Identified the +3 buckler of the Modern Visionaries {Harm
                  | rElec Will+ Str+2}
 17716 | Lair:1   | Found a runed translucent gate.
 17717 | Lair:1   | Found a runed translucent gate.
 17720 | Lair:1   | Found a runed translucent gate.
 18419 | Lair:2   | Reached skill level 10 in Armour
 18630 | Lair:2   | Reached XP level 14. HP: 129/129 MP: 14/14
 19126 | Lair:2   | Reached skill level 5 in Dodging
 19462 | Lair:3   | Reached skill level 21 in Axes
 19634 | Lair:3   | Found a staircase to the Swamp.
 19818 | Lair:3   | Found a staircase to the Snake Pit.
 20180 | Lair:4   | Found a staircase to the Slime Pits.
 20306 | Lair:4   | Noticed Kirke
 20345 | Lair:4   | Killed Kirke
 21188 | Lair:5   | Entered Level 5 of the Lair of Beasts
 22829 | Lair:5   | Reached XP level 15. HP: 128/137 MP: 9/15
 23517 | Lair:1   | Killed Ceckukk's ghost
 24205 | D:12     | Reached skill level 22 in Axes
 24651 | D:12     | Identified the +1 morningstar "Gegil" {flame, Fly rF++ rN+}
 24772 | D:12     | Noticed a fire giant
 25274 | D:12     | Killed a fire giant
 25695 | D:12     | Identified a scroll of acquirement
 25696 | D:12     | Acquired the +2 helmet of Cowardice {Regen+}
 25916 | D:12     | Killed Lytaqeus's ghost
 25993 | D:13     | Found a runed translucent gate.
 25993 | D:13     | Found a runed translucent gate.
 25993 | D:13     | Found a runed translucent gate.
 26044 | D:13     | Found a gate to the Vaults.
 27406 | D:14     | Reached XP level 16. HP: 147/147 MP: 0/16
 28298 | D:15     | Entered Level 15 of the Dungeon
 28604 | D:15     | Found an ancient bone altar of Kikubaaqudgha.
 28738 | D:15     | Reached skill level 23 in Axes
 28738 | D:15     | Reached skill level 10 in Shields
 28921 | D:15     | Found a staircase to the Depths.
 29718 | Orc:2    | Bought a +1 pair of boots of stealth for 214 gold pieces
 30210 | Orc:1    | Found a bloodstained altar of Trog.
 30608 | Swamp:1  | Entered Level 1 of the Swamp
 30726 | Swamp:1  | Noticed Louise
 30744 | Swamp:1  | Killed Louise
 30952 | Swamp:1  | Noticed Jorgrun
 30963 | Swamp:1  | Killed Jorgrun
 31321 | Swamp:1  | Noticed Roxanne
 31357 | Swamp:1  | Killed Roxanne
 31800 | Swamp:2  | Reached skill level 15 in Fighting
 32279 | Swamp:2  | Noticed a thorn hunter
 32288 | Swamp:2  | Killed a thorn hunter
 32911 | Swamp:3  | Reached XP level 17. HP: 98/156 MP: 0/17
 33773 | Swamp:4  | Entered Level 4 of the Swamp
 33786 | Swamp:4  | Reached skill level 15 in Armour
 33974 | Swamp:4  | Reached skill level 24 in Axes
 34350 | Swamp:4  | Got a decaying rune of Zot
 34940 | Snake:1  | Entered Level 1 of the Snake Pit
 35203 | Snake:1  | Noticed Josephine
 35216 | Snake:1  | Killed Josephine
 35518 | Snake:1  | Noticed Rupert
 35534 | Snake:1  | Killed Rupert
 35690 | Snake:1  | Found Piplolut's Armour Shop.
 36310 | Snake:2  | Reached XP level 18. HP: 165/166 MP: 15/18
 37384 | Snake:3  | Noticed Mlioglotl
 37398 | Snake:3  | Killed Mlioglotl
 37881 | Snake:3  | Noticed Azrael
 37899 | Snake:3  | Killed Azrael
 38186 | Snake:3  | Reached skill level 25 in Axes
 39275 | Snake:4  | Entered Level 4 of the Snake Pit
 39824 | Snake:4  | Identified the +2 scimitar of Insomnia {freeze, Str+3
                  | Dex+3}
 40036 | Snake:4  | Reached skill level 10 in Throwing
 40505 | Snake:4  | Noticed Mara
 40508 | Snake:4  | Noticed 000zero000's illusion
 40517 | Snake:4  | Reached XP level 19. HP: 147/174 MP: 3/19
 40602 | Snake:4  | Killed Mara
 40906 | Snake:4  | Identified the +10 whip of Satyriasis {drain, Will++}
 41573 | Snake:4  | Got a serpentine rune of Zot
 42053 | Elf:1    | Entered Level 1 of the Elven Halls
 42074 | Elf:1    | Reached skill level 26 in Axes
 43959 | Elf:2    | Identified the +2 long sword of Gosujece {spect, *Slow
                  | rPois rN+ Dex+3}
 44244 | Abyss:3  | Cast into level 3 of the Abyss (+3 war axe of distortion)
 44249 | Abyss:3  | Found a corrupted altar of Lugonu.
 44269 | Abyss:3  | Noticed a bone dragon
 44285 | Abyss:3  | Killed a bone dragon
 44329 | Elf:2    | Escaped the Abyss
 44336 | Elf:2    | Reached XP level 20. HP: 163/184 MP: 10/20
 44346 | Elf:2    | Found a runed translucent gate.
 44346 | Elf:2    | Found a runed translucent gate.
 44475 | Elf:2    | Found a runed translucent gate.
 44913 | Elf:3    | Entered Level 3 of the Elven Halls
 45532 | Elf:3    | Identified the ring "Poaseg" {*Corrode rF+++ rC+ EV+5
                  | Dex-4}
 45874 | Elf:3    | Reached skill level 10 in Dodging
 45899 | Elf:3    | Identified the +5 spear "Ycycs" {speed, rC+ Will+}
 46044 | Elf:3    | Identified the +3 leather armour of Fiysoho {Int+7}
 46048 | Elf:3    | Identified the +3 long sword "No More Talking" {flame,
                  | rPois rC- Int+5 SInv}
 46058 | Elf:3    | Identified the +3 shortbow of Qippow {heavy, rN+ Int+2}
 46403 | Elf:3    | Gained mutation: Your spells are a little easier to cast,
                  | but a little less powerful. [a cacodemon]
 46408 | Elf:3    | Gained mutation: Armour fits poorly on your strangely
                  | shaped body. [a cacodemon]
 46972 | Elf:3    | Got Uxorhyid's Elucidation of the Shapeshifter and
                  | Destruction
 47068 | Elf:3    | Got the Volume of Transposed Phlogiston
 47093 | Elf:3    | Identified the +2 dagger of Fyjef {venom, rC+}
 47093 | Elf:3    | Identified the ring of Paranoia {rC+ Int+3 Dex+6}
 47364 | Elf:2    | Reached skill level 27 in Axes
 47561 | Abyss:4  | Cast into level 4 of the Abyss (+1 morningstar of
                  | distortion)
 47660 | Abyss:5  | Found a corrupted altar of Lugonu.
 47722 | Abyss:5  | Noticed a bone dragon
 47733 | Abyss:5  | Killed a bone dragon
 47848 | Abyss:5  | Reached XP level 21. HP: 155/193 MP: 0/21
 47849 | Elf:2    | Escaped the Abyss
 48467 | D:13     | Found a runed translucent gate.
 48467 | D:13     | Found a runed translucent gate.
 48471 | D:13     | Noticed Lene's ghost (journeyman DECj)
 48585 | D:13     | Found a runed translucent gate.
 48610 | D:13     | Gained mutation: You are frail. (-10% HP) [a neqoxec]
 48612 | D:13     | Killed Lene's ghost
 49071 | Depths:1 | Entered Level 1 of the Depths
 49447 | Depths:1 | Found Otorhi's Book Shop.
 49928 | Depths:1 | Found a gateway to Hell.
 50580 | Depths:1 | Identified the amulet "Qaskes" {Reflect Rampage rF+ SH+5
                  | SInv Stlth-}
 51181 | Depths:2 | Identified the +6 scale mail "Dadabuc" {+Blink rElec Int+4}
 51282 | Depths:2 | Noticed Bai Suzhen
 51295 | Depths:2 | Noticed a juggernaut
 51309 | Depths:2 | Killed a juggernaut
 51314 | Depths:2 | Identified the +4 flail "Zeokom Hoone" {flame, Drain rN+
                  | Int+3}
 51545 | Depths:2 | Killed Bai Suzhen
 51754 | Vaults:1 | Entered Level 1 of the Vaults
 51943 | Vaults:1 | Identified the +0 pair of gloves "Wontegh" {Rampage}
 51943 | Vaults:1 | Noticed Nikola
 51952 | Vaults:1 | Killed Nikola
 52481 | Vaults:1 | Noticed Donald
 52492 | Vaults:1 | Killed Donald
 53023 | Vaults:1 | Reached XP level 22. HP: 146/183 MP: 0/22
 53401 | Vaults:1 | Identified the ring "Biquunoi" {Drain +Blink rElec rC-
                  | Will+ Int+6}
 53498 | Vaults:1 | Reached skill level 15 in Shields
 53815 | Vaults:1 | Identified the +8 rapier of Feyxohyb {protect, Str+5 SInv}
 54905 | Vaults:2 | Found a runed translucent gate.
 54905 | Vaults:2 | Found a runed translucent gate.
 54905 | Vaults:2 | Noticed Silenth's ghost (adept DrFE)
 54906 | Vaults:2 | Found a runed translucent gate.
 55186 | Vaults:2 | Got the Atlas of Charnel Assaults
 55347 | Vaults:2 | Reached skill level 1 in Stealth
 55684 | Vaults:2 | Found a staircase to the Crypt.
 55860 | Vaults:2 | Found Wenwow's Antique Weapon Shop.
 56258 | Vaults:2 | Killed Silenth's ghost
 56379 | Vaults:2 | Identified the +3 scale mail "Ihuthraxett" {*Corrode rF++}
 56495 | Crypt:1  | Entered Level 1 of the Crypt
 56605 | Crypt:1  | Noticed Zenata
 56616 | Crypt:1  | Killed Zenata
 57081 | Crypt:1  | Paralysed by a Zot trap for 2 turns
 57434 | Crypt:1  | Reached XP level 23. HP: 137/192 MP: 12/23
 58763 | Crypt:2  | Identified the +3 glaive of the Peculiar Priests {flame,
                  | rF+}
 59132 | Crypt:2  | Found a basalt altar of Yredelemnul.
 60150 | Crypt:3  | Entered Level 3 of the Crypt
 62504 | Crypt:3  | Found the +9 sword of Power {lifebolt}
 62506 | Crypt:3  | Found the amulet of the Air {Inacc Air Fly rElec RMsl}
 62661 | Crypt:3  | Found a staircase to the Tomb.
 62748 | Crypt:3  | Noticed an ancient lich
 62748 | Crypt:3  | Noticed a dread lich
 62754 | Crypt:3  | Noticed a dread lich
 62754 | Crypt:3  | Noticed an ancient lich
 62760 | Crypt:3  | Killed a dread lich
 62760 | Crypt:3  | Killed an ancient lich
 62768 | Crypt:3  | Killed an ancient lich
 62769 | Crypt:3  | Reached skill level 5 in Stealth
 62788 | Crypt:3  | Killed a dread lich
 62918 | Crypt:3  | Identified the +6 scimitar of Tenacity {flame, Dex+2}
 62925 | Crypt:3  | Identified the ring of the Falcon {Fly Dex+6}
 63122 | Crypt:3  | Found a runed translucent gate.
 63122 | Crypt:3  | Found a runed translucent gate.
 63122 | Crypt:3  | Found a runed translucent gate.
 63123 | Crypt:3  | Noticed Teduw's ghost (veteran MiGl)
 63523 | Tomb:1   | Entered Level 1 of the Tomb of the Ancients
 64535 | Tomb:1   | Noticed Boris
 64576 | Tomb:1   | Blown up by Boris

Illustrated notes

Levels and vault maps discovered:
D:1:      ncdulo_watergridlock, layout_loops_ring,
          hellmonk_ecumenical_altar_zigzags
D:2:      layout_rooms, grunt_ministairs_11, minmay_pentomino_u2
D:3:      layout_basic, nemelex_dance_club_becter,
          chequers_temple_overflow_minitemple
D:4:      layout_basic, minmay_temple_entry_wispy, serial_shops,
          nicolae_shop_crystal
D:5:      layout_cave_pools, serial_gnoll_camp, gnoll_camp_medium_02,
          gnoll_camp_mini_hut, gnoll_camp_mini_house, gnoll_camp_mini_basic,
          gnoll_camp_mini_doghouse, uniq_duvessa
D:6:      layout_basic, grunt_temple_overflow_order_and_chaos_2,
          nicolae_gozag_seed_capital, nicolae_underground_beach
D:7:      layout_basic, serial_undead, serial_undead_d, serial_undead_e,
          serial_undead_c, serial_undead_a, minivault_4, minmay_misc_feat_tiny
D:8:      layout_cave_pools, mainiacjoe_overflow_boulevard,
          general_overflow_altar, mainiacjoe_overflow_small_starburst,
          serial_shops, shop_statue, lightli_minifort, uniq_psyche, uniq_maggie
D:9:      layout_small_grid
D:10:     layout_rooms, minivault_16, minmay_gold_behind_fungi
D:11:     nzn_winding_woodlands_cross [nzn_winding_woodlands_5x15_twine,
          nzn_winding_woodlands_5x15_sidewinder,
          nzn_winding_woodlands_5x15_crooked, nzn_winding_woodlands_5x15_zeroes,
          nzn_winding_woodlands_15x15_killbox], layout_rooms,
          dpeg_lair_monsters, hiddenorc1_lemuel, serial_shops, shop
D:12:     evilmike_diamond_1, layout_basic, gammafunk_ghost_grave
D:13:     layout_cave_pools, lightli_vaults_fourway_checkpoint,
          ploomutoo_gammafunk_ghost_potion_laboratory
D:14:     nrook_guardian_serpent_snake_passage, layout_loops_ring, minivault_19,
          minmay_joined_circles
D:15:     grunt_enter_depths_snipers, layout_basic, kiku_gazebo_pond_becter
Temple:   hellmonk_temple_flake
Lair:1:   layout_roguey, maelrawn_ghost_gauntlet_escape, serial_bayou_shore_a
Lair:2:   layout_hall_layers
Lair:3:   layout_roguey, minmay_swamp_entry_eels, guppyfry_snake_entry_island
Lair:4:   layout_regular_city, slime_entry_1, infiniplex_staircase_pool_2,
          lemuel_fruit_fields, uniq_kirke
Lair:5:   minmay_lair_end_frog_pond, layout_cave_pods
Swamp:1:  layout_basic_swamp, nicolae_swamp_very_dense_foliage, swamp_pool1,
          uniq_roxanne, uniq_jorgrun, uniq_louise
Swamp:2:  layout_basic_swamp, evilmike_swamp_ruin_house_5,
          infiniplex_staircase_pool
Swamp:3:  layout_basic_swamp, evilmike_swamp_ruin_house_2, swamp_pool1
Swamp:4:  swamp, layout_basic_swamp, swamp_pool1
Snake:1:  layout_grid_shapes, minmay_shop_star, uniq_rupert, uniq_josephine
Snake:2:  layout_misc_corridors
Snake:3:  layout_chambers, nicolae_snake_herptile_family_reunion, uniq_azrael,
          uniq_mlioglotl
Snake:4:  grunt_snake_rune_serpentine_throne, layout_rooms,
          serial_bayou_shore_b, grunt_megastairs_2, uniq_mara
Orc:1:    layout_diamond_mine, trog_butcher_becter
Orc:2:    st_orc_mages, layout_caves, bh_open_orc_temple
Elf:1:    nicolae_elf_arrival_no_cutting_in_line, layout_onion_city,
          hangedman_elven_crosses_minicolossus
Elf:2:    elven_hall_of_blades_hangedman_original [nicolae_blade_lattice],
          layout_rooms
Elf:3:    grunt_elf_hall_diamonds, layout_geoelf_grid
Vaults:1: hangedman_vaults_nails, vaults_room_grunt_arrival_ludios,
          hangedman_vaults_corner_blocks, serial_ice_b,
          nicolae_vaults_halls_meeting, nicolae_vaults_prndl,
          nicolae_vaults_border_crossing, dpeg_vaults_monster_box,
          ontoclasm_vaults_loading_screen, vaults_dpeg_ring,
          nicolae_vaults_double_plus_2, layout_vaults_omnicross, uniq_donald,
          uniq_nikola
Vaults:2: gammafunk_ghost_split, st_eye, v_rooms_1, hangedman_vaults_maws,
          hangedman_vaults_maws, blue_anna_dwarven_crypt,
          hangedman_vaults_restitches, nicolae_vaults_tetromino_T_1,
          nicolae_vaults_apartment_1, ontoclasm_vaults_gateway,
          layout_vaults_quadrants, serial_shops,
          nicolae_shop_pleasant_corner_grove
Crypt:1:  layout_regular_city, minivault_25, grunt_crypt_arrival_split,
          uniq_margery, uniq_zenata
Crypt:2:  layout_regular_city, basic_altar, nicolae_fountain_basement,
          grunt_megastairs_4
Crypt:3:  david_glass_crypt, layout_misc_corridors,
          nicolae_tomb_entry_grand_gallery, ebering_ghost_rock_garden,
          serial_sigils_hangedman_writhe
Tomb:1:   uniq_boris
Depths:1: layout_basic, amcnicky_mini_rare_corridor_liquid,
          grunt_mini_vestibule, serial_shops, nicolae_shop_window_shopping,
          dk_noncrumbling_2, hangedman_abyss_or_decor_lesser_grid, drop_trap,
          kennysheep_generic_room_5
Depths:2: grunt_crosshair, layout_honeycomb, pf_hell_entry_great_geh,
          grunt_pan_entry_spiral, serial_bayou_pond_e,
          infiniplex_staircase_zigzag_2, minmay_shop_grove, firewood_loft,
          nicolae_triple_integral, uniq_bai_suzhen

Skill      XL: |  1  2  3  4  5  6  7  8  9 10 11 12 13 14 15 16 17 18 19 20 21 22 23 |
---------------+----------------------------------------------------------------------+-----
Axes           | 3 4 5 6 8 9 11 14 17 18 19 20 21 22 23 24 25 26 27 | 27.0
Fighting       | 5 9 11 12 13 14 15 16 17 18 19 20 | 20.2
Throwing       | 2 4 5 6 7 8 9 10 11 12 13 | 13.7
Armour         | 6 8 10 11 13 14 15 17 18 19 20 21 22 | 22.6
Dodging        | 2 3 4 5 6 7 8 9 10 11 12 | 12.7
Shields        | 4 6 7 8 9 10 11 12 13 14 15 16 | 16.4
Stealth        | 3 5 |  5.4

Action                     |  1- 3 |  4- 6 |  7- 9 | 10-12 | 13-15 | 16-18 | 19-21 | 22-24 || total
---------------------------+-------+-------+-------+-------+-------+-------+-------+-------++-------
  Melee: War axe           |   106 |   125 |   266 |   289 |    39 |       |       |       ||   825
         Broad axe         |       |       |       |   192 |   935 |   929 |  1067 |   743 ||  3866
  Throw: Dart              |       |       |       |    11 |       |       |       |     1 ||    12
 Invoke: Call Merchant     |       |       |       |       |       |     2 |       |     3 ||     5
    Use: Potion            |       |     1 |       |     1 |     5 |     1 |     7 |     3 ||    18
         Scroll            |       |       |     7 |    10 |    17 |     9 |    17 |     5 ||    65
   Stab: Distracted        |       |       |       |       |     4 |     5 |    10 |     5 ||    24
 Armour: Scale mail        |    59 |    57 |    71 |       |       |       |       |       ||   187
         Plate armour      |       |       |    57 |   229 |   626 |   592 |   594 |   382 ||  2480
  Dodge: Dodged            |    58 |    62 |   120 |   113 |   260 |   314 |   323 |   256 ||  1506
  Block: Buckler           |    20 |    31 |    43 |       |   157 |   382 |   421 |   330 ||  1384
         Kite shield       |       |       |    45 |   246 |   427 |       |       |       ||   718
